 Dungeon Crawl Stone Soup version 0.29-a0-338-g1ff7896281 (webtiles) character file.

Game seed: 6675515513774931680

22 spaghetti the Sneak (level 2, 0/19 HPs)
             Began as an Octopode Brigand on Apr 18, 2022.
             Succumbed to an adder's poison
             ... on level 2 of the Dungeon.
             The game lasted 00:01:53 (504 turns).

spaghetti the Sneak (Octopode Brigand)               Turns: 504, Time: 00:01:54

Health: 0/19       AC:  1    Str: 10    XL:     2   Next: 91%
Magic:  2/2        EV: 13    Int: 13    God:
Gold:   33         SH:  0    Dex: 13    Spells: 1/1 levels left

rFire   + . .      SeeInvis .   a - +2 dagger {short}
rCold   + . .      Faith    .   (no shield)
rNeg    . . .      Spirit   .   (helmet restricted)
rPois   +          Reflect  .   (no amulet)
rElec   +          Harm     .   (no ring)
rCorr   +          Rampage  .   (no ring)
Will    .....                   (no ring)
Stlth   ++++......              (no ring)
HPRegen 0.06/turn               (no ring)
MPRegen 0.08/turn               (no ring)
                                (no ring)
                                (no ring)

@: mighty, lethally poisoned (0 -> -3), resistant
A: almost no armour, amphibious, 8 rings, camouflage 1, gelatinous body 1,
(nimble swimmer 1), tentacles
a: no special abilities


You were on level 2 of the Dungeon.
You visited 1 branch of the dungeon, and saw 2 of its levels.

You collected 33 gold pieces.


Innate Abilities, Weirdness & Mutations

You cannot wear most types of armour.
You are amphibious.
You can wear up to eight rings at the same time.
Your skin changes colour to match your surroundings (Stealth+).
Your rubbery body absorbs attacks. (AC +1, EV +1)
((You are camouflaged when in or above water. (Stealth+)))
You have tentacles for arms and can constrict up to eight enemies at once.


   Skills:
 + Level 2.2 Fighting
 - Level 2.0 Short Blades
 + Level 2.2 Throwing
 + Level 1.4 Dodging
 + Level 5.5 Stealth
 * Level 1.1 Unarmed Combat


You had one spell level left.
You didn't know any spells.
Your spell library contained the following spells:

 Spells                   Type           Power      Damage    Failure   Level
 Blade Hands              Tmut           0%         N/A       100%        5
 Iron Shot                Conj/Erth      0%         9d1       100%        6
 Animate Armour           Summ/Erth      Unusable   N/A       N/A         4

Inventory:

Hand Weapons
 a - a +2 dagger (weapon) {short}
Missiles
 b - 2 poisoned darts (quivered) {throwing}
 c - 3 curare-tipped darts {=fthrowing}
 f - 16 stones {throwing}
 i - a throwing net {=f!fthrowing}
Jewellery
 e - an amulet of faith {!P}
   (You found it on level 1 of the Dungeon)
 h - a ring of fire
   (You found it on level 1 of the Dungeon)
Scrolls
 g - 2 scrolls of identify {unknown}
 k - a scroll of vulnerability {unknown}
Potions
 d - a potion of might
 l - a potion of curing {unknown}

Dungeon Overview and Level Annotations

Branches:
Dungeon (2/15)

Altars:

# ...... ..
##.##.<..####..
##..#......(....
.......<.........
#..#.....?..(.....
#.#........(......
.........†S......
#.......@J......
#...............
#.......$.......
##........######
##........##
#..........#
#..........#
#..........#
#....>.....#


You could see an adder and an endoplasm.


Message History

You barely miss the kobold. You grab the kobold. You squeeze the kobold.
You kill the kobold!
You see here a +0 short sword {short}.
You barely miss the ball python. Your grab misses the ball python.
The ball python completely misses you. The ball python closely misses you.
You hit the ball python.
You kill the ball python!
l - a yellow potion Key pressed, stopping explore.
Done exploring.
Done exploring.
(D) Dungeon
Where to? (? - help)
A bat is nearby!
Unknown command.
Unknown command.
A bat is nearby!
You closely miss the bat. Your grab misses the bat. You squeeze the bat.
You kill the bat!
Done exploring.
Done exploring.
Done exploring.
(D) Dungeon
Where to? (Enter - D:2, ? - help)
There is a stone staircase leading down here.
You climb downwards.
Found 30 gold pieces.
Found a stone staircase leading down.
There is a stone staircase leading up here.
Unknown command.
Unknown command.
You now have 33 gold pieces (gained 12).
A worm comes into view.
A worm is nearby!
Found a stone staircase leading up.
A ball python and an endoplasm come into view.
Found a stone staircase leading up.
You don't know any spells.
An adder comes into view.
The ball python hisses angrily.
Throw: 5 darts (poison) {throwing}
Press: ? - help, Q - select action, (/) - cycle Shift-Dir - straight line, f - worm
Aim: a worm (wandering, hasn't noticed you, 78% to hit)
You throw a poisoned dart {throwing}.
The poisoned dart {throwing} barely misses the worm.
The poisoned dart {throwing} closely misses the ball python.
The endoplasm quivers.
Throw: 4 darts (poison) {throwing}
Press: ? - help, Q - select action, (/) - cycle Shift-Dir - straight line, f/p - worm
Aim: a worm (78% to hit)
You throw a poisoned dart {throwing}.
The poisoned dart {throwing} hits the worm.
The worm is poisoned.
Throw: 3 darts (poison) {throwing}
Press: ? - help, Q - select action, (/) - cycle Shift-Dir - straight line, f/p - worm
Aim: a worm (poisoned, 78% to hit)
You throw a poisoned dart {throwing}.
The poisoned dart {throwing} hits the worm.
The worm looks even sicker.
The ball python completely misses you. The ball python grabs you.
The ball python constricts you. 😕 HP[-1]
You take 1 damage, and now have 18/19 hp.
You hit the ball python.
You kill the ball python!
You hit the worm but do no damage. You grab the worm. You constrict the worm.
The adder barely misses you.
You hit the adder. Your grab misses the adder. You constrict the worm.
The adder bites you.
You are poisoned.
The adder poisons you! The endoplasm closely misses you. The worm misses you.
The adder bites you. 😮 HP[-4]
You take 4 damage, and now have 14/19 hp.
MASSIVE DAMAGE!! (PAUSE) It was a potion of might.
You feel very mighty all of a sudden.
You constrict the worm.
You feel sick. The endoplasm misses you. The adder bites you.
* * * LOW HITPOINT WARNING * * *
😨 HP[-5]
You take 5 damage, and now have 9/19 hp.
MASSIVE DAMAGE!! (PAUSE)
You puncture the worm!
You kill the worm!
You feel sick. The adder barely misses you. The endoplasm hits you.
* * * LOW HITPOINT WARNING * * *
😨 HP[-4]
You take 4 damage, and now have 5/19 hp.
MASSIVE DAMAGE!! (PAUSE) Unknown command.
You hit the adder. Your grab misses the adder. The adder bites you.
* * * LOW HITPOINT WARNING * * *
The endoplasm closely misses you. 😱 HP[-4]
You take 4 damage, and now have 1/19 hp.
MASSIVE DAMAGE!! (PAUSE) It was a potion of resistance.
You feel protected.
You die...

Skill      XL: |  1  2 |
---------------+-------+-----
Unarmed Combat | 1 |  1.1
Fighting       | |  2.2
Short Blades   | |  2.0
Throwing       | |  2.2
Dodging        | |  1.4
Stealth        | |  5.5

Action                   || total
-------------------------++-------
Melee: Dagger            ||    23
       Constrict         ||     6
       Tentacles         ||     3
Throw: Dart              ||    22
  Use: Potion            ||     2
 Stab: Sleeping          ||     3
Dodge: Dodged            ||    13

Levels and vault maps discovered:
D:1:      ncdulo_lavacross, layout_rooms, serial_glass, glass_columns_c,
          glass_columns_c, glass_columns_c, glass_columns_b, glass_columns_a,
          glass_columns_a, moated_statue, kennysheep_boxes
D:2:      layout_rooms, serial_shops, shop, shapermc_ecumenical_altar_pompeii

Notes
Turn   | Place    | Note
-------+----------+-------------------------------------------
     0 | D:1      | spaghetti the Octopode Brigand began the quest for the Orb.
     0 | D:1      | Reached XP level 1. HP: 14/14 MP: 1/1
     0 | D:1      | magus.rc [v1.9.6]
    10 | D:1      | You pick up a book of Iron and begin reading...
    10 | D:1      | You add the spells Blade Hands and Iron Shot to your
                  | library.
   127 | D:1      | Reached XP level 2. HP: 19/19 MP: 2/2
   317 | D:1      | Reached skill level 1 in Unarmed Combat
   503 | D:2      | HP: 1/19 [adder (4)]
   504 | D:2      | Succumbed to an adder's poison

Vanquished Creatures
  A worm (D:2)
  3 ball pythons
  2 endoplasms (D:1)
  A goblin (D:1)
  2 hobgoblins (D:1)
  2 kobolds (D:1)
  A quokka (D:1)
  A bat (D:1)
  4 frilled lizards (D:1)
  2 rats (D:1)
19 creatures vanquished.

Table legend:
 A = Non-vault XP
 B = Vault XP
 C = Vault XP percentage of total XP
 D = Non-vault monster count
 E = Vault monster count
 F = Vault count percentage of total count
                 A         B        C        D         E       F
            +---------+---------+-------+---------+---------+-------
      Total |      32 |       0 |   0.0 |      19 |       0 |   0.0
            +---------+---------+-------+---------+---------+-------
        D:1 |      26 |       0 |   0.0 |      17 |       0 |   0.0
        D:2 |       6 |       0 |   0.0 |       2 |       0 |   0.0
            +---------+---------+-------+---------+---------+-------

Illustrated notes

Table legend:
 A = Kills in this place as a percentage of kills in entire the game.
 B = Kills by you in this place as a percentage of kills by you in the entire game.
 C = Kills by friends in this place as a percentage of kills by friends in the entire game.
 D = Other kills in this place as a percentage of other kills in the entire game.
 E = Experience gained in this place as a percentage of experience gained in the entire game.
 F = Experience gained in this place divided by the number of levels of this place that you have seen.
                   A       B       C       D       E      F
               +-------+-------+-------+-------+-------+----------------------
         Total | 100.0 | 100.0 |   N/A |   N/A | 100.0 |  16.0
       Dungeon | 100.0 | 100.0 |   N/A |   N/A | 100.0 |  16.0
               +-------+-------+-------+-------+-------+----------------------

Table legend: (Time is in decaauts)
 A = Elapsed time spent in this place.
 B = Non-inter-level travel time spent in this place.
 C = Inter-level travel time spent in this place.
 D = Time resting spent in this place.
 E = Time spent auto-exploring this place.
 F = Levels seen in this place.
 G = Mean time per level.
                   A        B        C        D        E       F      G
               +--------+--------+--------+--------+--------+-----+--------+
         Total |    499 |    473 |     26 |      0 |    360 |   2 |  249.5 |
       Dungeon |    499 |    473 |     26 |      0 |    360 |   2 |  249.5 |
               +--------+--------+--------+--------+--------+-----+--------+

Top non-repeatable levels by time:
     D:1: 480 daAuts
     D:2: 19 daAuts
